 Dungeon Crawl Stone Soup version 0.24.1 (webtiles) character file.

Game seed: 7345776420256026630, levelgen mode: deterministic

4687 Curus the Spear-Bearer (level 10, -5/77 HPs)
             Began as a Demonspawn Berserker on Mar 28, 2020.
             Was a High Priest of Trog.
             Slain by a two-headed ogre
             ... wielding a +0 giant club
              (7 damage)
             ... on level 8 of the Dungeon.
             The game lasted 00:34:21 (6904 turns).

Curus the Spear-Bearer (Demonspawn Berserker)       Turns: 6904, Time: 00:34:22

Health: -5/77      AC: 18    Str: 15    XL:     10   Next: 21%
Magic:  10/10      EV:  1    Int:  9    God:    Trog [*****.]
Gold:   17         SH: 11    Dex: 16    Spells: 9/9 levels left

rFire    . . .     SeeInvis .   m - +1 trident
rCold    + . .     Gourm    .   z - +0 shield
rNeg     . . .     Faith    .   x - +0 plate armour
rPois    +         Spirit   .   k - +1 helmet
rElec    .         Reflect  .   (no cloak)
rCorr    .         Harm     .   n - +1 pair of gloves
MR       .....                  f - +2 pair of boots
Stlth    ..........             (no amulet)
HPRegen  0.22/turn              i - ring of stealth
MPRegen  0.12/turn              A - ring of poison resistance

@: no status effects
A: talons 1, large bone plates 1, cold resistance 1, robust 1, spiny 2, weak 1
a: Berserk, Trog's Hand, Brothers in Arms, Renounce Religion


You were on level 8 of the Dungeon.
You worshipped Trog.
Trog was extremely pleased with you.
You were not hungry.

You visited 1 branch of the dungeon, and saw 8 of its levels.

You collected 473 gold pieces.
You spent 456 gold pieces at shops.

Inventory:

Hand Weapons
 a - a +1 spear
 j - a +0 spear of piercing
 m - a +1 trident (weapon)
 t - a +2 halberd of venom
Armour
 b - a +0 animal skin
 d - a +0 chain mail
 e - a +0 pair of boots
 f - a +2 pair of boots (worn)
 k - a +1 helmet (worn)
 l - a +2 chain mail of poison resistance
 n - a +1 pair of gloves (worn)
 x - a +0 plate armour (worn)
 z - a +0 shield (worn)
Jewellery
 i - a ring of stealth (left hand)
 s - an uncursed ring of wizardry
 y - an uncursed ring of ice
 A - a ring of poison resistance (right hand)
Wands
 q - a wand of acid (7)
Scrolls
 g - 16 scrolls of identify
 h - 5 scrolls of remove curse
 o - 2 scrolls of holy word
 p - 3 scrolls of teleportation
 u - a scroll of magic mapping
Potions
 r - a potion of brilliance
 v - 2 potions of curing
 w - a potion of haste
Comestibles
 c - 9 rations


   Skills:
 - Level 3.0 Fighting
 + Level 13.5 Polearms
 - Level 1.7 Armour
 - Level 1.7 Dodging


You had 9 spell levels left.
You didn't know any spells.
Your spell library was empty.

Dungeon Overview and Level Annotations

Branches:
Dungeon (8/15)             Temple (0/1) D:4
   Lair: D:8-11

Altars:
Ashenzari
Dithmenos
Elyvilon
Fedhas
Okawaru
Qazlal
Uskayaw
Yredelemnul
Zin

Shops:
D:4 :   D:5 *   D:7 =

Annotations:
D:7 3 runed translucent doors, Saltbearer's ghost, novice FoAK


Innate Abilities, Weirdness & Mutations

You have sharp toenails.
You are partially covered in large bone plates. (SH +4)
Your flesh is cold resistant. (rC+)
You are mostly covered in sharp spines.
You are robust. (+10% HP)
You are weak. (Str -2)


Message History

You hit the two-headed ogre but do no damage.
The two-headed ogre is severely wounded.
The two-headed ogre is struck by your spines.
The two-headed ogre hits you but does no damage.
The two-headed ogre hits you with a +0 giant club.
You hit the two-headed ogre.
The two-headed ogre is almost dead.
You hit the two-headed ogre.
The two-headed ogre is almost dead.
The two-headed ogre is struck by your spines.
The two-headed ogre hits you with a +0 giant club!!
* * * LOW HITPOINT WARNING * * *
The two-headed ogre hits you with a +0 giant club!
* * * LOW HITPOINT WARNING * * *
You hit the two-headed ogre but do no damage.
The two-headed ogre is almost dead.
You hit the two-headed ogre.
The two-headed ogre is almost dead.
The two-headed ogre hits you with a +0 giant club!
You die...

...## .... ....
# #..#### ..
#.###.....#
....#........#
...'....O...# #
#. #@#
##.##.######'##
....<.........#
..............#
..............#
#..####'##...##
###.
##...######
.....#.....#
.....'.....#


You could see a two-headed ogre.

Vanquished Creatures
  Pikel (D:4)
  Grinder (D:4)
  A hornet (D:7)
  2 hippogriffs
  A spriggan (D:7)
  Eustachio (D:5)
  3 hungry ghosts
  2 orc warriors
  A sky beast (D:8)
  2 ice beasts
  3 ogres
  2 centaurs
  5 bullfrogs
  Blork the orc (D:5)
  3 scorpions
  4 howler monkeys
  4 crimson imps
  A centaur zombie (D:4)
  A jelly (D:6)
  4 orc priests
  2 hounds
  2 gnoll shamans
  2 bullfrog skeletons (D:6)
  8 worker ants
  An iguana (D:6)
  Ijyb (D:5)
  3 orc wizards
  A hound zombie (D:6)
  A hound skeleton (D:6)
  Robin (D:2)
  A worker ant zombie (D:7)
  14 gnolls
  A howler monkey skeleton (D:6)
  14 adders
  2 shadow imps
  A worm (D:2)
  A dart slug (D:4)
  9 leopard geckos
  14 orcs
  3 bats
  5 giant cockroaches
  9 hobgoblins
  4 jackals (D:5)
  3 quokkas
  A ball python (D:1)
  2 frilled lizards (D:1)
  16 goblins
  12 kobolds
  2 quokka skeletons (D:5)
  A quokka zombie (D:5)
  11 rats
191 creatures vanquished.

Vanquished Creatures (others)
  A slave (D:4)
  A worker ant (D:4)
  An adder skeleton (D:4)
  An orc (D:4)
  3 jackals (D:4)
7 creatures vanquished.

Grand Total: 198 creatures vanquished

Notes
Turn   | Place    | Note
-------+----------+-------------------------------------------
     0 | D:1      | Curus the Demonspawn Berserker began the quest for the Orb.
     0 | D:1      | Reached XP level 1. HP: 18/18 MP: 1/1
   131 | D:1      | Reached skill level 3 in Polearms
   199 | D:1      | Gained mutation: You are partially covered in large bone
                  | plates. (SH +4) [demonic ancestry]
   199 | D:1      | Reached XP level 2. HP: 21/24 MP: 2/2
   479 | D:1      | Reached ** piety under Trog
   804 | D:2      | Reached XP level 3. HP: 29/29 MP: 3/3
   992 | D:2      | Reached skill level 4 in Polearms
  1112 | D:2      | Gained mutation: You have sharp toenails. [demonic
                  | ancestry]
  1112 | D:2      | Reached XP level 4. HP: 33/35 MP: 4/4
  1173 | D:2      | Noticed Robin
  1203 | D:2      | Killed Robin
  1238 | D:2      | Found a hide-covered altar of Uskayaw.
  1286 | D:2      | Reached skill level 5 in Polearms
  1305 | D:2      | Found a glowing silver altar of Zin.
  1695 | D:3      | Reached *** piety under Trog
  1697 | D:3      | Reached XP level 5. HP: 41/41 MP: 5/5
  1874 | D:3      | Gained mutation: You are weak. (Str -2) [potion of
                  | mutation]
  1874 | D:3      | Gained mutation: You are robust. (+10% HP) [potion of
                  | mutation]
  2295 | D:4      | Reached skill level 6 in Polearms
  2313 | D:4      | Gained mutation: Your flesh is cold resistant. (rC+)
                  | [demonic ancestry]
  2313 | D:4      | Reached XP level 6. HP: 29/51 MP: 6/6
  2326 | D:4      | Noticed Pikel
  2329 | D:4      | Noticed a slave
  2335 | D:4      | Noticed Grinder
  2338 | D:4      | Noticed a slave
  2340 | D:4      | Noticed a slave
  2343 | D:4      | Killed Pikel
  2343 | D:4      | Reached skill level 8 in Polearms
  2343 | D:4      | Reached XP level 7. HP: 14/57 MP: 7/7
  2360 | D:4      | Killed Grinder
  2388 | D:4      | Reached skill level 9 in Polearms
  2388 | D:4      | Gained mutation: You are partially covered in sharp spines.
                  | [demonic ancestry]
  2388 | D:4      | Reached XP level 8. HP: 40/63 MP: 8/8
  2554 | D:4      | Found a staircase to the Ecumenical Temple.
  2728 | D:4      | Found Maexess's Book Boutique.
  2847 | D:4      | Found a white marble altar of Elyvilon.
  2989 | D:5      | Entered Level 5 of the Dungeon
  3005 | D:5      | Noticed Blork the orc
  3015 | D:5      | Killed Blork the orc
  3307 | D:5      | Noticed Eustachio
  3318 | D:5      | Killed Eustachio
  3318 | D:5      | Reached **** piety under Trog
  3318 | D:5      | Reached skill level 10 in Polearms
  3325 | D:5      | Noticed Ijyb
  3341 | D:5      | Killed Ijyb
  3881 | D:5      | Found Vohu Hocw's General Store.
  3907 | D:5      | Bought a scroll of teleportation for 33 gold pieces
  3907 | D:5      | Bought a +2 chain mail of poison resistance for 203 gold
                  | pieces
  4330 | D:6      | Reached skill level 11 in Polearms
  4330 | D:6      | Gained mutation: You are mostly covered in sharp spines.
                  | [demonic ancestry]
  4330 | D:6      | Reached XP level 9. HP: 57/69 MP: 9/9
  4695 | D:6      | Found a blossoming altar of Fedhas.
  4950 | D:6      | Found a shattered altar of Ashenzari.
  5009 | D:7      | Found a basalt altar of Yredelemnul.
  5245 | D:7      | Reached skill level 12 in Polearms
  5307 | D:7      | Reached ***** piety under Trog
  5536 | D:7      | Found a shadowy altar of Dithmenos.
  5610 | D:7      | Found a runed translucent gate.
  5610 | D:7      | Found a runed translucent gate.
  5610 | D:7      | Found a runed translucent gate.
  5610 | D:7      | Noticed Saltbearer's ghost (novice FoAK)
  5610 | D:7      | Identified the +1 short sword "Xass" {chaos, rElec rC-
                  | Str+5}
  5888 | D:7      | Found Kali's Jewellery Emporium.
  5890 | D:7      | Found an iron altar of Okawaru.
  6278 | D:7      | Bought an uncursed ring of poison resistance for 220 gold
                  | pieces
  6465 | D:8      | Reached skill level 13 in Polearms
  6472 | D:8      | Reached XP level 10. HP: 62/77 MP: 10/10
  6809 | D:8      | Found a stormy altar of Qazlal.
  6889 | D:8      | Noticed a two-headed ogre
  6902 | D:8      | HP: 2/77 [two-headed ogre/+0 giant club (7)]
  6904 | D:8      | Slain by a two-headed ogre

Levels and vault maps discovered:
D:1:      dpeg_arrival_rooms_a, layout_loops_ring, patterned_corridor
D:2:      layout_loops_corners, grunt_temple_overflow_open, uniq_robin
D:3:      layout_loops_ring, first_ration
D:4:      layout_basic, minmay_temple_entry_grid, serial_shops,
          kennysheep_little_box, elyvilon_altar_1, uniq_grinder, uniq_pikel
D:5:      layout_loops_cross, serial_shops, shop, uniq_ijyb, uniq_eustachio,
          uniq_blork_the_orc
D:6:      layout_cave_pools, nicolae_overflow_hidden_temple, fedhas_altar_3,
          minmay_fractal_squares_gapless_5
D:7:      layout_loops_corners, nicolae_overflow_crystal_walls,
          overflow_temple_1_default, gammafunk_ghost_nasty_kobolds,
          serial_shops, shop, the_bakery, okawaru_ov_weapons_minmay
D:8:      layout_gridville, old_standard_altar

Skill      XL: |  1  2  3  4  5  6  7  8  9 |
---------------+----------------------------+-----
Polearms       | 3 4 5 6 8 9 11 13 | 13.5
Fighting       | |  3.0
Armour         | |  1.7
Dodging        | |  1.7

Action                   |  1- 3 |  4- 6 |  7- 9 | 10-12 || total
-------------------------+-------+-------+-------+-------++-------
Melee: Spear             |   168 |    85 |       |       ||   253
       Trident           |       |    90 |   269 |   106 ||   465
       Halberd           |       |       |    90 |       ||    90
Invok: Berserk           |       |     2 |     2 |       ||     4
       Trog's Hand       |       |       |     1 |       ||     1
  Use: Scroll            |     4 |     3 |     7 |     1 ||    15
       Potion            |     2 |     1 |     8 |       ||    11
 Stab: Distracted        |       |       |     1 |       ||     1
  Eat: Chunk             |     1 |     3 |    12 |     2 ||    18
       Ration            |       |     1 |     2 |     2 ||     5
Armor: Chain mail        |    62 |    82 |   128 |       ||   272
       Plate armour      |       |       |    38 |    38 ||    76
Dodge: Dodged            |    34 |    49 |    49 |     2 ||   134
Block: Other             |    28 |    32 |    29 |       ||    89
       Shield            |       |       |    25 |    28 ||    53
